 Dungeon Crawl Stone Soup version 0.24.0-123-gd5b16e6ec5 (webtiles) character file.

Game seed: 18007330155771260508, levelgen mode: deterministic

1052 FishyPogo the Charmwright (level 8, 0/63 HPs)
             Began as a Gnoll Skald on Jan 11, 2020.
             Was a Follower of Nemelex Xobeh.
             Shot with an arrow by a centaur (4 damage)
             ... on level 4 of the Dungeon.
             The game lasted 00:11:08 (3387 turns).

FishyPogo the Charmwright (Gnoll Skald)             Turns: 3387, Time: 00:11:09

Health: 0/63       AC:  5    Str: 16    XL:     8   Next: 26%
Magic:  9/16       EV: 15    Int: 15    God:    Nemelex Xobeh [*.....]
Gold:   217        SH:  5    Dex: 15    Spells: 7/18 levels left

rFire    . . .     SeeInvis .   b - +3 war axe
rCold    . . .     Gourm    .   x - +0 buckler
rNeg     . . .     Faith    .   A - +0 leather armour
rPois    .         Spirit   .   (no helmet)
rElec    .         Reflect  .   v - +1 cloak
rCorr    .         Harm     .   (no gloves)
MR       +....                  (no boots)
Stlth    ++........             (no amulet)
HPRegen  1.20/turn              j - ring of protection from magic
MPRegen  0.15/turn              (no ring)

@: shrouded, regenerating (expiring)
A: distributed training, fangs 1, strong nose
a: Draw Escape, Draw Destruction, Draw Summoning, Renounce Religion


You were on level 4 of the Dungeon.
You worshipped Nemelex Xobeh.
Nemelex Xobeh was aware of your devotion.
You were not hungry.

You visited 1 branch of the dungeon, and saw 4 of its levels.
You also visited: Sewer.

You collected 217 gold pieces.

Inventory:

Hand Weapons
 a - a +0 short sword of protection
 b - a +3 war axe (weapon)
Missiles
 e - 167 stones (quivered)
 h - 10 poisoned darts
Armour
 v - a +1 cloak (worn)
 x - a +0 buckler (worn)
 A - a +0 leather armour (worn)
Jewellery
 j - a ring of protection from magic (left hand)
 n - an uncursed ring of protection from fire {unknown}
Wands
 i - a wand of iceblast (7)
 s - a wand of scattershot (7)
Scrolls
 c - 4 scrolls of identify
 l - 3 scrolls of teleportation
 o - 3 scrolls of fear {unknown}
 p - a scroll of random uselessness {unknown}
 q - a scroll of torment {unknown}
 t - a scroll of remove curse {unknown}
 u - 2 scrolls of enchant weapon {unknown}
 C - a scroll of fog {unknown}
 E - a scroll of amnesia {unknown}
Potions
 f - 2 potions of agility {unknown}
 g - 3 potions of might
 k - a potion of lignification
 m - a potion of flight
 r - 2 potions of curing
 w - 2 potions of brilliance {unknown}
 z - 2 potions of degeneration {unknown}
 B - a potion of cancellation {unknown}
Comestibles
 d - 5 rations
 D - 2 chunks of flesh


   Skills:
 + Level 5.5 Fighting
 + Level 5.5 Short Blades
 + Level 3.0 Long Blades
 + Level 3.0 Axes
 + Level 3.0 Maces & Flails
 + Level 3.0 Polearms
 + Level 3.0 Staves
 + Level 3.0 Slings
 + Level 3.0 Bows
 + Level 3.0 Crossbows
 + Level 3.0 Throwing
 + Level 4.0 Armour
 + Level 5.5 Dodging
 + Level 3.0 Stealth
 + Level 3.0 Shields
 + Level 3.0 Unarmed Combat
 + Level 5.9 Spellcasting
 + Level 2.4 Conjurations
 + Level 2.4 Hexes
 + Level 6.0 Charms
 + Level 2.4 Summonings
 + Level 2.4 Necromancy
 + Level 2.4 Translocations
 + Level 2.4 Transmutations
 + Level 2.4 Fire Magic
 + Level 2.4 Ice Magic
 + Level 2.4 Air Magic
 + Level 2.4 Earth Magic
 + Level 2.4 Poison Magic
 + Level 3.3 Invocations
 + Level 3.0 Evocations


You had 7 spell levels left.
You knew the following spells:

 Your Spells              Type           Power        Failure   Level  Hunger
h - Regeneration          Chrm/Necr      ###.......   11%         3    ###....
n - Spectral Weapon       Hex/Chrm       ###.....     11%         3    ###....
p - Shroud of Golubria    Chrm/Tloc      ###...       5%          2    #......
u - Song of Slaying       Chrm           ###.....     2%          2    #......
y - Infusion              Chrm           ###.         1%          1    None

Your spell library contained the following spells:

 Spells                   Type           Power        Failure   Level  Hunger


Dungeon Overview and Level Annotations

Branches:
Dungeon (4/15)              Sewer (visited)
 Temple: D:4-7

Altars:
Cheibriados
Makhleb
Nemelex Xobeh
Trog
Yredelemnul
Zin


Innate Abilities, Weirdness & Mutations

Your experience applies equally to all skills.
You have very sharp teeth.
Your uncanny sense of smell can sniff out nearby items.


Message History

The arrow barely misses you.
The ogre closely misses your spectral weapon.
The centaur shoots an arrow.
The arrow hits you.
The centaur shoots an arrow.
The arrow hits your spectral weapon!
Your spectral weapon shares its damage with you! x2
Your spectral weapon fades away.
You hit the ogre.
You kill the ogre!
The centaur shoots an arrow.
The arrow hits you!
The centaur shoots an arrow.
The arrow completely misses you.
Casting: Spectral Weapon (safe; 11% risk of failure)
Confirm with . or Enter, or press ? or * to list all spells.
Your skin crawls.
The centaur shoots an arrow.
The arrow barely misses you.
The centaur shoots an arrow.
The arrow hits you.
You see here an arrow.
Your skin is crawling a little less now.
The centaur shoots an arrow.
The arrow hits you!
* * * LOW HITPOINT WARNING * * *
You die...
Your body disappears without a glow.

#######..## #...###
###.........## ####..#.. #
#.........%..### #........ #
#..............###........ ##
##.....(........##........ .#
###.......(....>...#..<..... #
###..##....().....##..........
#
##...###.....(.....###.........
###..###
##.....@...c.###........ #..###
##..........# #........ .###
#..........# #........ ##
##......(.####.####... #
##...#######..# #### # #####
##...## ## ###.....# .##
##.....#.# ..# ########
##....#.#.#


You could see a centaur.

Vanquished Creatures
  Pikel (D:4)
  Sigmund (D:2)
  4 slaves (D:4)
  A crocodile (Sewer)
  An ogre (D:4)
  A hound (D:3)
  Crazy Yiuf (D:3)
  Terence (D:2)
  An orc wizard (D:4)
  A worker ant (D:4)
  A hound skeleton (D:4)
  A howler monkey skeleton (D:4)
  5 adders
  3 oozes
  An adder skeleton (D:4)
  A worm (D:3)
  A dart slug (D:4)
  3 leopard geckos
  5 orcs
  6 bats
  4 giant cockroaches
  A goblin (D:3)
  8 hobgoblins
  11 jackals
  12 kobolds
  A quokka (D:2)
  5 frilled lizards
  8 rats
90 creatures vanquished.

Vanquished Creatures (others)
  2 spectral weapons (D:4)
2 creatures vanquished.

Grand Total: 92 creatures vanquished

Notes
Turn   | Place    | Note
-------+----------+-------------------------------------------
     0 | D:1      | FishyPogo the Gnoll Skald began the quest for the Orb.
     0 | D:1      | Reached XP level 1. HP: 20/20 MP: 6/6
    54 | D:1      | Reached XP level 2. HP: 9/26 MP: 1/7
   844 | D:2      | Reached skill level 5 in Spellcasting
   844 | D:2      | Reached XP level 3. HP: 30/31 MP: 7/9
   850 | D:2      | Learned a level 2 spell: Song of Slaying
   853 | D:2      | Learned a level 2 spell: Shroud of Golubria
   857 | D:2      | Learned a level 3 spell: Regeneration
   861 | D:2      | Learned a level 3 spell: Spectral Weapon
   866 | D:2      | Found a bloodstained altar of Trog.
   930 | D:2      | Noticed Terence
   950 | D:2      | Killed Terence
   950 | D:2      | Reached skill level 1 in Long Blades
   950 | D:2      | Reached skill level 1 in Axes
   950 | D:2      | Reached skill level 1 in Maces & Flails
   950 | D:2      | Reached skill level 1 in Polearms
   950 | D:2      | Reached skill level 1 in Staves
   950 | D:2      | Reached skill level 1 in Slings
   950 | D:2      | Reached skill level 1 in Bows
   950 | D:2      | Reached skill level 1 in Crossbows
   950 | D:2      | Reached skill level 1 in Throwing
   950 | D:2      | Reached skill level 1 in Stealth
   950 | D:2      | Reached skill level 1 in Shields
   950 | D:2      | Reached skill level 1 in Unarmed Combat
   950 | D:2      | Reached skill level 1 in Invocations
   950 | D:2      | Reached skill level 1 in Evocations
   950 | D:2      | Reached XP level 4. HP: 29/38 MP: 6/11
  1028 | D:2      | Noticed Sigmund
  1100 | D:3      | Found a sparkling altar of Nemelex Xobeh.
  1105 | D:3      | Became a worshipper of Nemelex Xobeh the Trickster
  1149 | D:3      | Received a gift from Nemelex Xobeh
  1173 | D:3      | Found a basalt altar of Yredelemnul.
  1210 | D:3      | Reached skill level 1 in Conjurations
  1210 | D:3      | Reached skill level 1 in Hexes
  1210 | D:3      | Reached skill level 1 in Summonings
  1210 | D:3      | Reached skill level 1 in Necromancy
  1210 | D:3      | Reached skill level 1 in Translocations
  1210 | D:3      | Reached skill level 1 in Transmutations
  1210 | D:3      | Reached skill level 1 in Fire Magic
  1210 | D:3      | Reached skill level 1 in Ice Magic
  1210 | D:3      | Reached skill level 1 in Air Magic
  1210 | D:3      | Reached skill level 1 in Earth Magic
  1210 | D:3      | Reached skill level 1 in Poison Magic
  1301 | D:3      | Reached XP level 5. HP: 43/43 MP: 12/12
  1407 | D:3      | Found a burning altar of Makhleb.
  1533 | D:3      | Found a glowing drain.
  1537 | Sewer    | Entered a sewer
  1600 | Sewer    | Noticed a crocodile
  1614 | Sewer    | Killed a crocodile
  1614 | Sewer    | Reached XP level 6. HP: 23/50 MP: 3/13
  1844 | D:3      | Found a runed translucent door.
  1845 | D:3      | Noticed Crazy Yiuf
  1858 | D:3      | Killed Crazy Yiuf
  2346 | D:2      | Reached * piety under Nemelex Xobeh
  2524 | D:2      | Found a glowing silver altar of Zin.
  2820 | D:2      | Killed Sigmund
  2820 | D:2      | Reached skill level 5 in Fighting
  2820 | D:2      | Reached skill level 5 in Short Blades
  2820 | D:2      | Reached skill level 5 in Dodging
  2967 | D:4      | Found a snail-covered altar of Cheibriados.
  2972 | D:4      | Reached XP level 7. HP: 52/56 MP: 15/15
  3030 | D:4      | Received a gift from Nemelex Xobeh
  3094 | D:4      | Noticed Pikel
  3116 | D:4      | Killed Pikel
  3116 | D:4      | Reached skill level 6 in Charms
  3116 | D:4      | Reached XP level 8. HP: 33/63 MP: 6/16
  3387 | D:4      | Shot with an arrow by a centaur

Levels and vault maps discovered:
D:1:      ncdulo_watergridlock, layout_basic
D:2:      mumra_celtic_spiral_tile, layout_basic, lemuel_doored_altar,
          zin_academy, first_ration, uniq_terence, uniq_sigmund
D:3:      layout_rooms, overflow_temple_1_default,
          nemelex_xobeh_ov_fountains_minmay, makhleb_blood_cavern_becter,
          gup_sewer_entry_bowl, grunt_decor_cap, uniq_crazy_yiuf_cottage
D:4:      layout_cave_pods, kennysheep_mini, grunt_dithmenos_shadows, uniq_pikel

Skill      XL: |  1  2  3  4  5  6  7  8 |
---------------+-------------------------+-----
Spellcasting   | 5 |  5.9
Long Blades    | 1 2 3 |  3.0
Axes           | 1 2 3 |  3.0
Maces & Flails | 1 2 3 |  3.0
Polearms       | 1 2 3 |  3.0
Staves         | 1 2 3 |  3.0
Slings         | 1 2 3 |  3.0
Bows           | 1 2 3 |  3.0
Crossbows      | 1 2 3 |  3.0
Throwing       | 1 2 3 |  3.0
Stealth        | 1 2 3 |  3.0
Shields        | 1 2 3 |  3.0
Unarmed Combat | 1 2 3 |  3.0
Invocations    | 1 2 3 |  3.3
Evocations     | 1 2 3 |  3.0
Conjurations   | 1 2 |  2.4
Hexes          | 1 2 |  2.4
Summonings     | 1 2 |  2.4
Necromancy     | 1 2 |  2.4
Translocations | 1 2 |  2.4
Transmutations | 1 2 |  2.4
Fire Magic     | 1 2 |  2.4
Ice Magic      | 1 2 |  2.4
Air Magic      | 1 2 |  2.4
Earth Magic    | 1 2 |  2.4
Poison Magic   | 1 2 |  2.4
Armour         | 3 4 |  4.0
Fighting       | 5 |  5.5
Short Blades   | 5 |  5.5
Dodging        | 5 |  5.5
Charms         | 6 |  6.0

Action                   |  1- 3 |  4- 6 |  7- 9 || total
-------------------------+-------+-------+-------++-------
Melee: Short sword       |    24 |    39 |       ||    63
       Bite              |     5 |    19 |     2 ||    26
       Hand axe          |    71 |    85 |       ||   156
       Punch             |       |     1 |       ||     1
       War axe           |       |    19 |    45 ||    64
Throw: Dart              |       |     2 |       ||     2
       Throwing net      |       |     1 |       ||     1
 Cast: Infusion          |     2 |     1 |       ||     3
       Shroud of Golubri |     1 |    12 |     6 ||    19
       Regeneration      |     1 |     7 |     2 ||    10
       Song of Slaying   |       |     3 |     1 ||     4
       Spectral Weapon   |       |     3 |     3 ||     6
 Abil: Draw Destruction  |       |       |     1 ||     1
  Use: Scroll            |       |     4 |       ||     4
 Stab: Sleeping          |     1 |     1 |     1 ||     3
       Held in net/web   |       |     1 |       ||     1
  Eat: Chunk             |       |     6 |     1 ||     7
       Ration            |       |       |     1 ||     1
Armor: Leather armour    |    18 |    40 |    11 ||    69
Dodge: Dodged            |   104 |   134 |    43 ||   281
Block: Buckler           |       |     6 |    12 ||    18
